 Dungeon Crawl Stone Soup version 0.31.0-4-g52a2dc7128 (console) character file.

Game seed: 727629454349497119

40 AlterAsc the Insei (level 3, 0/23 HPs)
             Began as an Octopode Shapeshifter on Jan 22, 2024.
             Slain by a gnoll
             ... wielding a +0 spear
              (5 damage)
             ... on level 2 of the Dungeon.
             The game lasted 00:02:47 (1209 turns).

AlterAsc the Insei (Octopode Shapeshifter)          Turns: 1209, Time: 00:02:48

Health: 0/23       AC:  1    Str: 13    XL:     3   Next: 50%
Magic:  3/3        EV: 13    Int: 12    God:
Gold:   72         SH:  0    Dex: 13    Spells: 2/2 levels left

rFire   . .          .
                       - Unarmed
rCold   . . .        (no shield)
rNeg    . . .        (helmet currently unavailable)
rPois   .            (no amulet)
rElec   .            (no ring)
rCorr   .            (no ring)
SInv    .            (no ring)
Will    .....        (no ring)
Stlth   ++           (no ring)
HPRegen 0.23/turn    (no ring)
MPRegen 0.08/turn    (no ring)
                     (no ring)

%: no passive effects
@: beast-form
A: beast (slay +1), almost no armour, amphibious, 8 rings, camouflage 1,
gelatinous body 1, (nimble swimmer 1), tentacles
a: Begin Untransformation


You were on level 2 of the Dungeon.
You were a hulking beast.
You visited 1 branch of the dungeon, and saw 2 of its levels.

You collected 72 gold pieces.

Inventory:

Missiles
 g - 30 stones (quivered)
Jewellery
 n - a ring of wizardry
Talismans
 b - a beast talisman
 c - a flux talisman
Scrolls
 d - a scroll of poison {unknown}
 e - a scroll of identify {unknown}
 i - a scroll of enchant weapon {unknown}
 j - a scroll of teleportation {unknown}
 l - a scroll of silence {unknown}
 m - a scroll of vulnerability {unknown}
Potions
 a - a potion of lignification
 f - a potion of curing {unknown}
 h - a potion of might {unknown}
 k - a potion of berserk rage {unknown}


   Skills:
 - Level 1.0 Fighting
 - Level 2.0 Dodging
 + Level 4.4 Unarmed Combat
 - Level 3.0 Shapeshifting


You had 2 spell levels left.
You didn't know any spells.
Your spell library contained the following spells:

 Spells                   Type           Power      Damage    Failure   Level
 Sting                    Conj/Alch      0%         1d3       32%         1
 Mercury Vapours          Alch/Air       0%         N/A       45%         2
 Tukima's Dance           Hex            0%         N/A       69%         3
 Dimensional Bullseye     Hex/Tloc       0%         N/A       97%         4
 Iskenderun's Mystic Bla  Conj/Tloc      0%         2d3       97%         4
 Olgreb's Toxic Radiance  Alch           0%         N/A       97%         4


Dungeon Overview and Level Annotations

Branches:
Dungeon (2/15)

Altars:


Innate Abilities, Weirdness & Mutations

You are a hulking beast.
Your limbs bulge with bestial killing power. (Slay +1)
You cannot wear most types of armour.
You are amphibious.
You can wear up to eight rings at the same time.
Your skin changes colour to match your surroundings (Stealth+).
Your rubbery body absorbs attacks. (AC +1, EV +1)
((You are camouflaged when in or above water. (Stealth+)))
You have tentacles for arms and can constrict up to eight enemies at once.


Message History

The gnoll barely misses you. The rat attacks as it pursues you!
The rat closely misses you.
A ball python comes into view.
The gnoll attacks as it pursues you! The gnoll barely misses you.
The gnoll hits you from afar with a +0 spear.
The rat attacks as it pursues you! The rat barely misses you.
The gnoll attacks as it pursues you!
The gnoll hits you from afar with a +0 spear!
* * * LOW HITPOINT WARNING * * *
The rat attacks as it pursues you! The rat barely misses you.
The rat attacks as it pursues you! The rat closely misses you.
The rat attacks as it pursues you! The rat closely misses you.
The rat attacks as it pursues you! The rat bites you.
* * * LOW HITPOINT WARNING * * *
The rat attacks as it pursues you! The rat barely misses you.
There is a stone staircase leading up here.
You climb upwards.
There is a stone staircase leading down here.
You start resting.
HP restored.
There is a stone staircase leading down here.
You climb downwards.
There is a stone staircase leading up here.
A rat is nearby!
The rat squeaks loudly.
You bludgeon the rat!
You kill the rat!
No target in view!
There are monsters nearby!
The gnoll hits you from afar with a +0 spear!
The gnoll hits you with a +0 spear!
You tentacle-slap the gnoll but do no damage.
Your grab misses the gnoll. The gnoll hits you with a +0 spear.
* * * LOW HITPOINT WARNING * * *
You bludgeon the gnoll! Your grab misses the gnoll.
The gnoll is heavily wounded.
The gnoll closely misses you.
You tentacle-slap the gnoll. Your grab misses the gnoll.
The gnoll is severely wounded.
The gnoll hits you with a +0 spear.
You die...

#............# #.................
##########...# #.....#.###.###.##
##########...#########.# #.# #.#
.................# #.# #.. #g#
.#########...###.#####.# #..##.##
..)......#.............# #...#.g.
..#......#.#####.####### #.#.####
..#.######.# #.#########.#.....
...........# #.#.............#.
..#.############.#............. #
###.#.........##h#.............##
#.#.#######.##.g.........#.....
#.#.#.....#.####...............
#.#).<....#.# #...............
###.#########.# #...............
..............# #######.........
.........###### .........
.........# ......... .........###
......... ...........# .........
...........# .....g...


You could see a gnoll.

Vanquished Creatures
  A ribbon worm (D:2)
  4 ball pythons (D:1)
  An endoplasm (D:1)
  4 giant cockroaches
  3 goblins
  6 hobgoblins
  2 kobolds
  2 quokkas (D:1)
  5 bats
  3 frilled lizards
  5 rats
36 creatures vanquished.

Notes
Turn   | Place    | Note
-------+----------+-------------------------------------------
     0 | D:1      | AlterAsc the Octopode Shapeshifter began the quest for the
                  | Orb.
     0 | D:1      | Reached XP level 1. HP: 13/13 MP: 1/1
    81 | D:1      | Reached XP level 2. HP: 12/18 MP: 2/2
   291 | D:1      | Reached skill level 4 in Unarmed Combat
   348 | D:1      | Reached XP level 3. HP: 13/23 MP: 3/3
   987 | D:2      | HP: 1/23 [gnoll/+0 spear (9)]
   994 | D:2      | HP: 1/23 [rat (2)]
  1209 | D:2      | Slain by a gnoll

Illustrated notes

Levels and vault maps discovered:
D:1:      dpeg_arrival_stone_temple_mockup, layout_basic
D:2:      layout_basic, minmay_tetromino_l2

Skill      XL: |  1  2 |
---------------+-------+-----
Unarmed Combat | 4 |  4.4
Fighting       | |  1.0
Dodging        | |  2.0
Shapeshifting  | |  3.0

Action                     || total
---------------------------++-------
  Melee: Unarmed           ||    65
         Tentacles         ||    16
         Constrict         ||    16
   Stab: Sleeping          ||     3
 Armour: Skin              ||    31
  Dodge: Dodged            ||    41
